 Dungeon Crawl Stone Soup version 0.31.0-9-g3a7656b989 (console) character file.

Game seed: 9283766113183946482

5440 Kenran the Grappler (level 10, -6/104 HPs)
             Began as an Oni Shapeshifter on Feb 3, 2024.
             Was a Believer of Cheibriados.
             Mangled by a yak (15 damage)
             ... on level 9 of the Dungeon.
             The game lasted 00:24:46 (8156 turns).

Kenran the Grappler (Oni Shapeshifter)              Turns: 8156, Time: 00:24:47

Health: -6/104     AC:  3    Str: 29      XL:     10   Next: 68%
Magic:  12/12      EV: 12    Int: 18 (19) God:    Cheibriados [**....]
Gold:   226        SH:  0    Dex: 15      Spells: 9/9 levels left

rFire   . .          .
                       - Unarmed
rCold   . . .        t - orb {light}
rNeg    . . .        a - +0 animal skin
rPois   .            (helmet currently unavailable)
rElec   .            (cloak currently unavailable)
rCorr   .            (gloves unavailable)
SInv    .            (boots unavailable)
Will    +....        p - amulet of the acrobat
Stlth   +            h - +6 ring of strength
HPRegen 0.37/turn    (no ring)
MPRegen 0.13/turn

%: acrobat, clarity
@: beast-form, glowing, invisible (but backlit and visible), very slow
A: beast (slay +4), large, unfitting armour, horns 1, tough skin 1, double
potion healing, drunken brawling, clarity, clever 1, evolution 1, MP-powered
wands
a: Begin Untransformation, Renounce Religion, Bend Time


You were on level 9 of the Dungeon.
You worshipped Cheibriados.
Cheibriados was pleased with you.
You were a hulking beast.
You visited 2 branches of the dungeon, and saw 10 of its levels.
You also visited: Sewer.

You collected 473 gold pieces.
You spent 247 gold pieces at shops.

Inventory:

Armour
 a - a +0 animal skin (worn)
 t - an orb of light (worn)
 x - a +0 cloak
Jewellery
 h - a +6 ring of strength (left hand)
 p - an amulet of the acrobat (around neck)
Talismans
 c - a beast talisman
 d - a flux talisman
Wands
 g - a wand of mindburst (11)
 r - a wand of charming (7)
 u - a wand of polymorph (11)
Scrolls
 b - a scroll of enchant armour
 e - 2 scrolls of fog
 i - a scroll of poison {!r}
 l - 3 scrolls of fear
 n - 3 scrolls of teleportation
 q - a scroll of summoning {unknown}
 y - a scroll of silence {unknown}
Potions
 f - a potion of haste
 k - 2 potions of brilliance
 m - 2 potions of enlightenment
 o - a potion of might
 w - a potion of mutation {!q}


   Skills:
 - Level 8.0 Fighting
 - Level 5.0 Dodging
 + Level 10.4 Unarmed Combat
 - Level 3.0 Invocations
 - Level 2.0 Evocations
 - Level 7.0 Shapeshifting


You had 9 spell levels left.
You didn't know any spells.
Your spell library contained the following spells:

 Spells                   Type           Power      Damage    Failure   Level
 Sandblast                Erth           0%         2d4       22%         1
 Ensorcelled Hibernation  Hex/Ice        0%         N/A       32%         2
 Fugue of the Fallen      Necr           0%         N/A       54%         3
 Passwall                 Erth           0%         N/A       54%         3
 Stone Arrow              Conj/Erth      0%         3d7       54%         3
 Swiftness                Air            0%         N/A       54%         3
 Anguish                  Hex/Necr       0%         N/A       91%         4
 Animate Armour           Summ/Erth      0%         N/A       91%         4
 Brom's Barrelling Bould  Conj/Erth      0%         2d3       91%         4
 Lehudib's Crystal Spear  Conj/Erth      0%         10d2      100%        8


Dungeon Overview and Level Annotations

Branches:
Dungeon (9/15)             Temple (1/1) D:6           Sewer (visited)
   Lair: D:8-11         Orc: D:9-12

Altars:
Ashenzari
Cheibriados
Dithmenos
Elyvilon
Gozag
Hepliaklqana
Kikubaaqudgha
Makhleb
Nemelex Xobeh
Okawaru
Qazlal
Ru
Sif Muna
Trog
Uskayaw
Vehumet
Wu Jian
Xom
Yredelemnul
Zin
The Shining One

Shops:
D:2 [   D:3 !   D:7 [:

Annotations:
D:4 1 runed translucent door, Gandelf's ghost, amateur SpCj


Innate Abilities, Weirdness & Mutations

You are a hulking beast.
Your limbs bulge with bestial killing power. (Slay +4)
You are too large for most types of armour.
You have a pair of small horns on your head.
You have tough skin. (AC +1)
You gain doubled healing and magic from potions.
Whenever you drink a healing potion, you attack all around you.
You possess an exceptional clarity of mind.
Your mind is acute. (Int +4, Str/Dex -1)
You have hidden genetic potential.
You expend magic power (3 MP) to strengthen your wands.


Message History

A wight comes into view. It is wielding a +4 mace.
You feel your strength returning.
You barely miss the ice beast.
Your transformation is almost over.
The ice beast hits you but does no damage.
The wight hits you but does no damage.
You pummel the ice beast!!
The ice beast is severely wounded.
A wight comes into view. It is wielding a +4 spear.
The ice beast hits you but does no damage.
The wight hits you but does no damage. The yak barely misses you.
You barely miss the ice beast.
The ice beast is severely wounded.
The ice beast hits you but does no damage.
A kobold comes into view. It is wielding a +0 short sword.
A wight comes into view. It is wielding a +0 dire flail.
The wight hits you but does no damage. The yak gores you!
* * * LOW HITPOINT WARNING * * *
It was a potion of cancellation.
Your magical effects are unravelling.
You feel magically purged.
You feel less wooden.
Your +0 animal skin unmelds from your body.
You turn into a hulking beast.
The kobold shouts!
The ice beast hits you.
* * * LOW HITPOINT WARNING * * *
The ice beast freezes you.
* * * LOW HITPOINT WARNING * * *
A kobold brigand comes into view.
It is wielding a +0 whip and quivering poisoned darts.
The wight hits you from afar with a +4 halberd of freezing!
* * * LOW HITPOINT WARNING * * *
The wight freezes you.
* * * LOW HITPOINT WARNING * * *
The yak misses you.
It was a potion of invisibility.
You become transparent, but the glow from your halo prevents you from becoming completely invisible.
The ice beast hits you but does no damage.
The wight completely misses you. The yak gores you!
You die...

#################
#................#
#.###.#.########)###
####.###.#.########...
#..)..).......K....(#
#.##)###...#.#Y##K#.##
#.##.###...#.#.hYzKz.#
#.##.......#.#####YzK...
#.######..##.### .....
#.###.<).......# ....
#.........##.##. Y..
##.##.##.###... ..
#.##.##.# . # #.##.##.#
#.......#


You could see 2 yaks, an ice beast, 3 wights and 4 kobolds.

Vanquished Creatures
  A gargoyle (D:8)
  A rime drake (D:9)
  Grinder (D:5)
  Sigmund (D:6)
  Eustachio (D:5)
  6 yaks (D:8)
  A steam dragon (D:4)
  Menkaure (D:7)
  A water moccasin (D:7)
  3 ice beasts
  2 black bears
  2 crocodiles (Sewer)
  3 ogres
  3 wolves (D:9)
  A centaur (D:9)
  3 bullfrogs (D:7)
  A brain worm (D:7)
  3 scorpions
  3 wights (D:6)
  6 killer bees
  5 jellies
  4 bombardier beetles
  4 hounds
  4 orc priests
  3 sleepcaps
  3 iguanas
  3 orc wizards
  A malarious merfolk avatar (Sewer)
  A sickly merfolk siren (Sewer)
  14 adders
  5 river rats
  A shadow imp (D:7)
  3 white imps
  2 ufetubi (D:6)
  3 dart slugs
  3 ribbon worms
  21 orcs
  11 ball pythons
  6 bats
  6 endoplasms
  6 giant cockroaches
  4 goblins
  6 hobgoblins
  4 jackals
  3 kobolds
  6 quokkas
  6 frilled lizards
  17 rats
199 creatures vanquished.

Vanquished Creatures (others)
  A killer bee (D:5)
1 creature vanquished.

Grand Total: 200 creatures vanquished

Notes
Turn   | Place    | Note
-------+----------+-------------------------------------------
     0 | D:1      | Kenran the Oni Shapeshifter began the quest for the Orb.
     0 | D:1      | Reached XP level 1. HP: 19/19 MP: 1/1
    63 | D:1      | Found a faded altar of an unknown god.
   170 | D:1      | Reached skill level 3 in Unarmed Combat
   170 | D:1      | Reached XP level 2. HP: 27/28 MP: 2/2
   707 | D:2      | Reached XP level 3. HP: 34/36 MP: 3/3
   932 | D:2      | Found Orphocaig's Armour Emporium.
   954 | D:2      | Reached XP level 4. HP: 32/45 MP: 4/4
  1111 | D:2      | Reached skill level 4 in Unarmed Combat
  1378 | D:2      | Reached XP level 5. HP: 40/53 MP: 5/5
  1393 | D:3      | Found Inopsiv's Distillery.
  1399 | D:3      | Bought a potion of heal wounds for 55 gold pieces
  1409 | D:3      | Found a faded altar of an unknown god.
  1416 | D:3      | Found a burning altar of Makhleb.
  1630 | D:3      | Reached skill level 5 in Unarmed Combat
  1690 | D:3      | Found a shimmering altar of Xom.
  1754 | D:3      | Found a glowing drain.
  1789 | Sewer    | Entered a sewer
  1889 | Sewer    | Reached XP level 6. HP: 53/61 MP: 6/6
  2034 | Sewer    | Reached skill level 6 in Unarmed Combat
  2167 | Sewer    | Reached XP level 7. HP: 67/67 MP: 7/7
  2172 | Sewer    | Reached skill level 7 in Unarmed Combat
  2207 | Sewer    | Identified the +5 quarterstaff "Ucefa" {holy, Dex+6}
  2887 | D:4      | Found an ancient bone altar of Kikubaaqudgha.
  3030 | D:4      | Found a runed translucent door.
  3030 | D:4      | Noticed Gandelf's ghost (amateur SpCj)
  3097 | D:4      | Noticed a steam dragon
  3107 | D:4      | Killed a steam dragon
  3108 | D:4      | Reached skill level 8 in Unarmed Combat
  3390 | D:4      | Reached XP level 8. HP: 75/78 MP: 8/8
  3548 | D:4      | Found a sparkling altar of Nemelex Xobeh.
  3564 | D:4      | Found an ornate altar of the Wu Jian Council.
  3608 | D:5      | Entered Level 5 of the Dungeon
  3705 | D:5      | Reached skill level 5 in Fighting
  4048 | D:5      | Noticed Grinder
  4058 | D:5      | Killed Grinder
  4105 | D:5      | Noticed Eustachio
  4139 | D:5      | Killed Eustachio
  4140 | D:5      | Reached skill level 9 in Unarmed Combat
  4525 | D:5      | Reached XP level 9. HP: 88/88 MP: 9/9
  4599 | D:5      | Reached skill level 10 in Unarmed Combat
  4962 | D:2      | Bought an orb of light for 192 gold pieces
  5131 | D:6      | Found a glowing golden altar of the Shining One.
  5331 | D:6      | Noticed Sigmund
  5337 | D:6      | Killed Sigmund
  5382 | D:6      | Found a staircase to the Ecumenical Temple.
  5826 | D:6      | Reached skill level 5 in Shapeshifting
  5826 | D:6      | Found a hide-covered altar of Uskayaw.
  5885 | Temple   | Entered the Ecumenical Temple
  5898 | Temple   | Became a worshipper of Cheibriados the Contemplative
  6023 | D:7      | Found Gyakeck's Antique Armour Boutique.
  6061 | D:7      | Found Otzis's Vocational Training.
  6243 | D:7      | Noticed Maurice
  6244 | D:7      | Maurice changed into Maurice the brain worm
  6244 | D:7      | Noticed Maurice
  6254 | D:7      | Killed Maurice the brain worm
  6301 | D:7      | Found a glowing silver altar of Zin.
  6482 | D:7      | Noticed Menkaure
  6489 | D:7      | Killed Menkaure
  6490 | D:7      | Reached XP level 10. HP: 104/104 MP: 10/10
  6853 | D:8      | Found an opulent altar of Gozag.
  6898 | D:8      | Reached skill level 1 in Invocations
  6922 | D:8      | Reached * piety under Cheibriados
  6923 | D:8      | Reached skill level 1 in Evocations
  6937 | D:8      | Gained mutation: You have hidden genetic potential. [potion
                  | of mutation]
  6937 | D:8      | Gained mutation: You expend magic power (3 MP) to
                  | strengthen your wands. [potion of mutation]
  6937 | D:8      | Gained mutation: You possess an exceptional clarity of
                  | mind. [potion of mutation]
  6937 | D:8      | Gained mutation: Your mind is acute. (Int +4, Str/Dex -1)
                  | [potion of mutation]
  7640 | D:8      | Noticed a gargoyle
  7648 | D:8      | Killed a gargoyle
  8138 | D:9      | Reached skill level 5 in Dodging
  8148 | D:9      | Reached ** piety under Cheibriados
  8156 | D:9      | Mangled by a yak

Illustrated notes

Levels and vault maps discovered:
D:1:      amcnicky_arrival_flooded_fountain, layout_loops_ring,
          ebering_ecumenical_altar_webs, dreamdust_wishing_well
D:2:      layout_rooms, serial_shops, nicolae_shop_stone
D:3:      layout_loops_cross, xom_butterflies,
          nicolae_overflow_ecumenical_swirl, serial_shops, shop,
          portal_sewer_entry_e
D:4:      layout_loops_ring, nicolae_overflow_hidden_temple,
          jmf_multi_god_temple2, hellmonk_ghost_happy_afterlife, minmay_puff
D:5:      layout_basic, chequers_arboretum, uniq_grinder, uniq_eustachio
D:6:      layout_basic, lemuel_coloured_pillars_altar, tso_metal_star,
          minmay_temple_entry_statues_fountains, uniq_sigmund
D:7:      layout_cave_pods, lemuel_crystal_altar, serial_shops,
          nicolae_shop_window_shopping, kennysheep_flooded_box,
          nicolae_shop_vocational, uniq_menkaure, uniq_maurice
D:8:      layout_basic, mainiacjoe_overflow_concentric_impassable
D:9:      due_chaos_kobolds, layout_loops_ring, hellmonk_lair_entry_icy,
          hiddenorc2_lemuel, gammafunk_ghost_hive, serial_shops,
          nicolae_shop_tiny_glass
Temple:   nicolae_temple_no_exploring_needed

Skill      XL: |  1  2  3  4  5  6  7  8  9 10 |
---------------+-------------------------------+-----
Fighting       | 2 3 4 5 8 |  8.0
Unarmed Combat | 3 4 5 6 8 9 10 | 10.4
Dodging        | 2 5 |  5.0
Shapeshifting  | 4 6 7 |  7.0
Invocations    | 3 |  3.0
Evocations     | 2 |  2.0

Action                     |  1- 3 |  4- 6 |  7- 9 | 10-12 || total
---------------------------+-------+-------+-------+-------++-------
  Melee: Unarmed           |    73 |   147 |   234 |    86 ||   540
         Headbutt          |     8 |    25 |    43 |    28 ||   104
         Punch             |     1 |     4 |     3 |       ||     8
  Evoke: Wand              |       |       |     2 |       ||     2
    Use: Potion            |     1 |     1 |     4 |     7 ||    13
         Scroll            |       |       |     9 |     1 ||    10
   Stab: Sleeping          |       |       |     1 |       ||     1
 Armour: Animal skin       |    47 |    84 |   110 |    59 ||   300
         Skin              |     6 |       |     4 |    23 ||    33
  Dodge: Dodged            |    41 |    44 |   124 |    56 ||   265
